 Dungeon Crawl Stone Soup version 0.17.0-24-gcfadda4 (webtiles) character file.

5780 lucasterio the Basher (level 10, -2/93 HPs)
             Began as a Minotaur Berserker on Nov 17, 2015.
             Was a High Priest of Trog.
             Slain by a phantom (5 damage)
             ... on level 9 of the Dungeon.
             The game lasted 00:53:51 (7709 turns).

lucasterio the Basher (Minotaur Berserker)          Turns: 7709, Time: 00:53:51

Health: -2/93      AC: 10    Str: 26    XL:     10   Next: 50%
Magic:  9/9        EV: 11    Int:  4    God:    Trog [*****.]
Gold:   40         SH:  0    Dex: 11    Spells: 0 memorised, 9 levels left

rFire  . . .     SeeInvis .     b - +1 trident (venom)
rCold  . . .     Clarity  .     w - +0 scale mail
rNeg   . . .     SustAt   .     (no shield)
rPois  .         Gourm    .     (helmet restricted)
rElec  .         Spirit   .     (no cloak)
rCorr  .         Warding  .     D - +0 pair of gloves
rMut   .         Stasis   .     (no boots)
MR     +....                    (no amulet)
Stlth  ..........               r - ring of protection from magic
                                f - +2 ring of strength

@: exhausted, slowed, very slow, somewhat resistant to hostile enchantments,
extremely unstealthy
A: retaliatory headbutt, horns 2
a: Berserk, Trog's Hand, Brothers in Arms, Burn Spellbooks, Renounce Religion


You were on level 9 of the Dungeon.
You worshipped Trog.
Trog was extremely pleased with you.
You were very hungry.

You visited 1 branch of the dungeon, and saw 9 of its levels.
You also visited: Sewer and Ossuary.

You collected 426 gold pieces.
You spent 386 gold pieces at shops.

Inventory:

Hand Weapons
 b - a +1 trident of venom (weapon)
 p - a cursed +2 flail of freezing
 X - a +0 shortbow
Missiles
 h - 145 arrows
 m - 23 arrows of flame
Armour
 w - a +0 scale mail (worn)
 D - a +0 pair of gloves (worn)
Jewellery
 f - a +2 ring of strength (left hand)
 i - an uncursed ring of see invisible
 l - a +1 ring of evasion {unknown}
 r - a ring of protection from magic (right hand)
 G - an uncursed ring of sustain attributes
 N - an uncursed ring of poison resistance
Wands
 j - a wand of invisibility (3)
 s - a wand of paralysis (13)
 x - a wand of paralysis (19)
 A - a wand of digging (12)
 Q - a wand of frost (16)
Scrolls
 d - 2 scrolls of identify
 g - 2 scrolls of noise {unknown}
 q - 4 scrolls of enchant weapon {unknown}
 t - 2 scrolls of immolation {unknown}
 u - 5 scrolls of teleportation
 y - a scroll of fog {unknown}
 C - 2 scrolls of fear {unknown}
 H - 6 scrolls of random uselessness {unknown}
 M - 2 scrolls of blinking {unknown}
 R - 2 scrolls of acquirement {unknown}
 U - 3 scrolls of remove curse {unknown}
 W - a scroll of summoning {unknown}
 Z - a scroll of enchant armour {unknown}
Potions
 a - a potion of berserk rage {unknown}
 e - a potion of cure mutation {unknown}
 k - 4 potions of ambrosia {unknown}
 o - 3 potions of heal wounds {unknown}
 v - 3 potions of invisibility {unknown}
 z - 4 potions of cancellation {unknown}
 B - a potion of brilliance {unknown}
 E - 2 potions of agility {unknown}
 F - 4 potions of curing {unknown}
 I - 4 potions of haste {unknown}
 J - a potion of magic {unknown}
 K - 2 potions of poison {unknown}
 L - a potion of might
 P - 3 potions of lignification {unknown}
 S - 2 potions of flight {unknown}
 T - a potion of degeneration {unknown}
Comestibles
 c - 11 bread rations
 n - 6 meat rations
 O - a chunk of flesh
 V - a fruit


   Skills:
 * Level 10.0 Fighting
 - Level 12.0 Maces & Flails
 * Level 6.5 Polearms
 + Level 9.5 Armour
 - Level 3.0 Dodging


You had 9 spell levels left.
You didn't know any spells.

Dungeon Overview and Level Annotations

Branches:
Dungeon (9/15)             Temple (0/1) D:4             Orc (0/4) D:9
   Lair: D:8-11

Altars:
Dithmenos
Fedhas
Gozag
Nemelex Xobeh
Qazlal
Trog
Zin
The Shining One

Shops:
D:2 *   D:4 !   D:7 %}=?


Innate Abilities, Weirdness & Mutations

You reflexively headbutt those who attack you in melee.
You have a pair of horns on your head.


Message History

The wraith barely misses you. The wraith hits you but does no damage.
You hit the wraith.
The wraith is severely damaged.
The wraith misses you.
You closely miss the wraith.
The wraith is severely damaged.
The wraith hits you!
* * * LOW HITPOINT WARNING * * *
The wraith drains your vigour!
You feel as though you will be slow longer.
* * * LOW HITPOINT WARNING * * *
The wraith misses you.
You hit the wraith but do no damage.
The wraith is severely damaged.
The wraith hits you but does no damage.
You hit the wraith. You headbutt the wraith!
You destroy the wraith!
Your Fighting skill increases to level 10!
The phantom hits you.
You die...

#.......### #####'### ##..#
#..## ##.## #..# ##########
##'######## #..#.#Z[.####
#.........#
#...#.#.#@.#####.........#
#...W.#W#...............#
#.###Z###########.........#
#...Z..### #.........#
...#..ZZ.?.# #.........'
#..##Z##..# #.........#
#..#.#.## .## #.........#
.# .Z.# # ######'#### ..Z>
#...#


You could see a phantom.

Vanquished Creatures
  Erica (D:8)
  Pikel (D:5)
  Prince Ribbit (D:6)
  The ghost of Raultor the Changer, an amateur OpTm of Makhleb (D:5)
  A spriggan (D:8)
  Sigmund (D:5)
  A wraith (D:9)
  Menkaure (D:5)
  A hungry ghost (D:9)
  A slave (D:5)
  Purgy (Sewer)
  A black bear (D:6)
  A necrophage (D:8)
  3 ice beasts
  A sky beast (D:5)
  2 phantoms
  A centaur (D:8)
  An orc warrior (D:7)
  6 ogres
  5 giant frogs
  A big kobold (D:7)
  3 scorpions
  A wyvern skeleton (D:6)
  3 wights (D:7)
  A quasit (D:5)
  3 hounds
  A jelly (D:5)
  3 giant frog skeletons
  2 crimson imps
  4 orc wizards
  4 centaur zombies
  4 orc priests
  3 centaur skeletons
  2 giant frog zombies
  Jessica (D:2)
  Natasha (D:3)
  6 worker ants
  4 ogre zombies
  7 mummies (Ossuary)
  9 adders
  3 gnolls (D:7)
  A shadow imp (D:7)
  An ooze (D:3)
  3 adder skeletons
  6 adder zombies (Ossuary)
  2 worms (D:2)
  6 giant geckos
  16 orcs
  6 bats
  6 giant cockroaches
  8 hobgoblins
  13 jackals
  2 quokkas
  3 ball pythons
  4 giant newts
  9 goblins
  A goblin skeleton (D:9)
  6 goblin zombies
  5 hobgoblin zombies (Ossuary)
  21 kobolds
  5 kobold zombies (Ossuary)
  An orc zombie (D:9)
  A quokka skeleton (D:6)
  2 quokka zombies (Ossuary)
  10 rats
  3 rat zombies (Ossuary)
239 creatures vanquished.

Vanquished Creatures (others)
  A crimson imp (D:5)
  An adder skeleton (D:5)
2 creatures vanquished.

Grand Total: 241 creatures vanquished

Notes
Turn   | Place    | Note
--------------------------------------------------------------
     0 | D:1      | lucasterio the Minotaur Berserker began the quest for the Orb.
     0 | D:1      | Reached XP level 1. HP: 19/19 MP: 0/0
   170 | D:1      | Reached skill level 4 in Maces & Flails
   191 | D:1      | Reached XP level 2. HP: 27/27 MP: 1/1
   471 | D:1      | Reached ** piety under Trog
   640 | D:1      | Reached XP level 3. HP: 29/33 MP: 2/2
  1176 | D:2      | Found a glowing golden altar of the Shining One.
  1216 | D:2      | Noticed Jessica
  1235 | D:2      | Killed Jessica
  1235 | D:2      | Reached skill level 5 in Maces & Flails
  1235 | D:2      | Reached XP level 4. HP: 27/40 MP: 3/3
  1302 | D:2      | Found an opulent altar of Gozag.
  1304 | D:2      | Found Gozag's Platinum Reserve.
  1635 | D:3      | Reached *** piety under Trog
  1644 | D:3      | Reached XP level 5. HP: 47/47 MP: 4/4
  1741 | D:3      | Found a shadowy altar of Dithmenos.
  1815 | D:3      | Reached skill level 6 in Maces & Flails
  1879 | D:3      | Found a blossoming altar of Fedhas.
  2002 | D:3      | Noticed Natasha
  2011 | D:3      | Killed Natasha
  2216 | D:4      | Reached XP level 6. HP: 51/55 MP: 5/5
  2386 | D:4      | Found a staircase to the Ecumenical Temple.
  2421 | D:4      | Noticed an ogre
  2428 | D:4      | Killed an ogre
  2428 | D:4      | Reached skill level 5 in Fighting
  2428 | D:4      | Reached skill level 7 in Maces & Flails
  2534 | D:4      | Found a glowing drain.
  2568 | Sewer    | Entered a sewer
  2580 | Sewer    | Reached **** piety under Trog
  2631 | Sewer    | Noticed Purgy
  2648 | Sewer    | Killed Purgy
  2648 | Sewer    | Reached XP level 7. HP: 56/61 MP: 6/6
  2879 | D:4      | Noticed an ogre
  2883 | D:4      | Killed an ogre
  2891 | D:4      | Found Tefat's Distillery.
  2894 | D:4      | Bought a potion of might for 48 gold pieces
  2894 | D:4      | Bought a potion of mutation for 30 gold pieces
  2991 | D:4      | Reached skill level 8 in Maces & Flails
  2991 | D:4      | Reached skill level 5 in Armour
  3117 | D:5      | Entered Level 5 of the Dungeon
  3334 | D:5      | Noticed Menkaure
  3350 | D:5      | Killed Menkaure
  3350 | D:5      | Reached XP level 8. HP: 26/70 MP: 7/7
  3360 | D:5      | Reached skill level 9 in Maces & Flails
  3924 | D:5      | Noticed Pikel
  3936 | D:5      | Killed Pikel
  3936 | D:5      | Reached skill level 10 in Maces & Flails
  3969 | D:5      | Noticed Raultor's ghost (amateur OpTm)
  3985 | D:5      | Killed Raultor's ghost
  4186 | D:5      | Noticed Sigmund
  4211 | D:5      | Killed Sigmund
  4211 | D:5      | Reached XP level 9. HP: 52/80 MP: 8/8
  4580 | D:6      | Reached skill level 11 in Maces & Flails
  4599 | D:6      | Found a sand-covered staircase.
  4614 | Ossuary  | Entered an ossuary
  5195 | D:6      | Noticed Prince Ribbit
  5218 | D:6      | Killed Prince Ribbit
  5514 | D:6      | Found a glowing silver altar of Zin.
  5515 | D:6      | Found a bloodstained altar of Trog.
  5590 | D:6      | Reached skill level 1 in Polearms
  5924 | D:7      | Reached skill level 12 in Maces & Flails
  5982 | D:7      | Found a sparkling altar of Nemelex Xobeh.
  6091 | D:7      | Found Isoymux's Jewellery Boutique.
  6102 | D:7      | Reached ***** piety under Trog
  6116 | D:7      | Bought an uncursed ring of see invisible for 210 gold pieces
  6138 | D:7      | Found Mej Reo's Food Boutique.
  6138 | D:7      | Found Qourph's Gadget Emporium.
  6165 | D:7      | Reached XP level 10. HP: 90/90 MP: 9/9
  6375 | D:7      | Found Dise Sas's Magic Scroll Boutique.
  6389 | D:7      | Bought a scroll of teleportation for 42 gold pieces
  6389 | D:7      | Bought a scroll of identify for 28 gold pieces
  6389 | D:7      | Bought a scroll of identify for 28 gold pieces
  6802 | D:8      | Received a gift from Trog
  6911 | D:8      | Reached skill level 5 in Polearms
  7025 | D:8      | Noticed Erica
  7037 | D:8      | Killed Erica
  7131 | D:8      | Found a stormy altar of Qazlal.
  7675 | D:9      | Found a staircase to the Orcish Mines.
  7706 | D:9      | HP: 2/93 [wraith (4)]
  7708 | D:9      | Reached skill level 10 in Fighting
  7709 | D:9      | Slain by a phantom

Action                   |  1- 3 |  4- 6 |  7- 9 | 10-12 || total
-------------------------+-------+-------+-------+-------++-------
Melee: Mace              |    82 |   143 |   327 |       ||   552
       Trident           |       |       |    10 |   129 ||   139
Invok: Berserk           |       |     2 |     8 |     2 ||    12
  Use: Scroll            |       |       |     7 |     2 ||     9
 Stab: Sleeping          |     3 |     1 |       |       ||     4
  Eat: Chunk             |     1 |     6 |     9 |     8 ||    24
       Meat ration       |       |       |     2 |       ||     2
